Map: 카이로스 정션 - 래더

Players

INnoVation - Winner!

  • Race: Terran Terran

Maru

  • Race: Terran Terran

Event: WESG 2018 Grand Finals

VOD

Have the link to the VOD?

Description

Time

  • Played on: March 16, 2019, 3:59 a.m.
  • Length: 7:41

All games in this series

Show
View Real Time Build Order
Export as new Build Order

INnoVation Terran - Winner!

Build Orders:  

Get SALT Encoding   

  12  0:00  SCV  
  13  0:12  SCV  
  14  0:16  Supply Depot  
  14  0:24  SCV  
  14  0:27  Refinery  
  15  0:38  SCV  
  16  0:44  Barracks  
  16  0:50  SCV  
  16  0:55  Refinery  
  17  1:02  SCV  
  18  1:14  SCV  
  19  1:31  Reaper  
  20  1:33  Factory  
  20  1:36  Orbital Command  
  20  1:45  Supply Depot  
  20  2:02  SCV  
  20  2:03  Reaper  
  22  2:14  SCV  
  23  2:17  Hellion  
  25  2:28  Command Center  
  25  2:30  SCV  
  25  2:35  Reaper  
  27  2:40  Hellion  
  29  2:45  Supply Depot  
  29  2:48  SCV  
  30  2:57  Starport  
  30  3:00  SCV  
  30  3:03  Factory Tech Lab  
  31  3:10  Barracks Tech Lab  
  31  3:15  SCV  
  32  3:27  SCV, Cyclone  
  32  3:39  SCV, Raven  
  32  3:41  Orbital Command  
  35  3:45  Refinery  
  35  3:51  SCV, Barracks Reactor  
  34  4:03  SCV  
  34  4:07  SCV  
  34  4:09  Cyclone  
  39  4:15  SCV  
  40  4:19  SCV  
  41  4:27  SCV  
  42  4:32  Raven  
  42  4:33  SCV  
  42  4:37  Supply Depot  
  45  4:39  SCV, Marine x2  
  45  4:42  Command Center  
  48  4:47  Siege Tank  
  48  4:49  SCV  
  48  4:51  SCV  
  53  4:53  Refinery  
  53  4:54  Supply Depot  
  53  4:57  Marine  
  53  4:58  Marine  
  55  5:01  SCV  
  55  5:03  SCV  
  55  5:06  Supply Depot  
  57  5:15  SCV x2  
  59  5:27  SCV  
  59  5:28  SCV  
  60  5:31  Supply Depot  
  60  5:32  Viking, Siege Tank  
  60  5:33  Stimpack, Viking  
  67  5:36  Marine  
  67  5:40  SCV x2  
  70  5:52  SCV x2  
  70  5:53  Marine  
  70  5:55  Orbital Command  
  73  6:02  Viking  
  73  6:03  Viking  
  77  6:06  SCV x2  
  77  6:09  Siege Tank  
  82  6:13  Marine  
  82  6:18  Supply Depot  
  82  6:30  Marine  
  82  6:32  Viking  
  85  6:33  Viking  
  85  6:37  SCV x2  
  89  6:40  Supply Depot x2  
  89  6:41  Siege Tank  
  89  6:43  Orbital Command  
  92  6:51  Marine  
  92  6:52  Barracks x2  
  92  6:53  SCV x2  
  95  6:58  Supply Depot  
  95  7:02  Viking  
  95  7:03  Viking  
  99  7:11  Engineering Bay  
  99  7:12  Engineering Bay  
  99  7:14  SCV  
  102  7:22  Marine  
  103  7:26  SCV x2  
  105  7:32  Barracks  
  105  7:33  Barracks  
  104  7:39  Barracks Reactor x2  
Show
View Real Time Build Order
Export as new Build Order

Maru Terran 

Build Orders:  

Get SALT Encoding   

  12  0:00  SCV  
  13  0:12  SCV  
  14  0:17  Supply Depot  
  14  0:24  SCV  
  14  0:27  Refinery  
  15  0:38  SCV  
  16  0:44  Barracks  
  16  0:50  SCV  
  16  0:54  Refinery  
  17  1:03  SCV  
  18  1:15  SCV  
  19  1:30  Orbital Command  
  19  1:33  Factory  
  19  1:35  Reaper  
  20  1:45  Supply Depot  
  20  1:56  SCV  
  21  2:07  Reaper  
  22  2:09  SCV  
  22  2:17  Hellion  
  22  2:22  SCV  
  25  2:29  Command Center  
  25  2:34  SCV  
  26  2:38  Widow Mine  
  26  2:43  Starport  
  28  2:46  SCV  
  29  2:51  Supply Depot  
  29  2:55  Barracks Tech Lab  
  29  2:58  SCV  
  29  3:10  SCV  
  30  3:15  Hellion  
  32  3:22  SCV  
  31  3:34  SCV  
  31  3:39  Raven  
  33  3:43  Barracks Reactor  
  33  3:44  Factory Tech Lab  
  33  3:47  SCV  
  33  3:55  Orbital Command  
  33  3:59  Refinery, SCV  
  34  4:03  Refinery, Siege Tank  
  37  4:11  SCV  
  38  4:20  Marine x2  
  38  4:21  SCV  
  38  4:22  Banshee  
  38  4:23  SCV  
  45  4:33  SCV  
  45  4:35  SCV  
  45  4:38  Marine x2  
  47  4:42  Siege Tank  
  47  4:45  SCV  
  47  4:47  SCV  
  47  4:49  Supply Depot  
  49  4:56  Marine x2  
  49  4:57  SCV  
  49  4:59  SCV  
  53  5:01  Supply Depot  
  53  5:10  SCV  
  53  5:11  SCV  
  55  5:14  Siege Tank  
  58  5:22  SCV  
  58  5:23  SCV  
  58  5:26  Viking  
  58  5:27  Viking  
  64  5:29  Supply Depot  
  64  5:34  SCV  
  65  5:35  Marine  
  65  5:39  Supply Depot  
  66  5:46  Siege Tank  
  69  5:54  Marine  
  69  5:56  Viking  
  69  5:57  Viking  
  74  6:03  SCV x2  
  76  6:12  Marine  
  76  6:14  Supply Depot  
  76  6:16  SCV  
  78  6:19  Siege Tank  
  81  6:26  Viking x2  
  81  6:27  SCV  
  86  6:36  SCV  
  86  6:53  Marine  
  87  6:55  Siege Tank  
  87  6:56  Viking x2  
  94  7:07  Supply Depot  
  94  7:20  Marine  
Tags
 
Add a new tag
Caveats
  • Supply blocks, unpowered buildings, or Contaminate may cause inaccurate times.
  • Supply counts are checked every 10 seconds.